 Dungeon Sprint DCSS version 0.17-a0-18-gc25b939 (webtiles) character file.

531010 BluebellGnoll the Conqueror (level 20, 192/192 HPs)
             Began as a High Elf Gladiator on Mar 9, 2015.
             Was the Champion of Qazlal.
             Escaped with the Orb!
             The game lasted 02:05:47 (10626 turns).

BluebellGnoll the Conqueror (High Elf Gladiator)   Turns: 10626, Time: 02:05:47

Health: 192/192    AC: 50    Str: 18    XL:     20   Next: 27%
Magic:  43/43      EV: 16    Int: 29    God:    Qazlal [******]
Gold:   0          SH: 46    Dex: 29    Spells: 8 memorised, 26 levels left

rFire  + + +     SeeInvis .     M - +9 demon blade (slice)
rCold  + + +     Clarity  .     L - +5 gold dragon armour
rNeg   + . .     SustAb   .     q - +18 shield of the gong {rElec rN+ MR+ EV-5}
rPois  +         Gourm    .     N - +0 helmet {Int+3}
rElec  +         Spirit   .     U - +0 cloak of Starlight {rElec rC+ EV+4 Stlth-}
rCorr  +         Warding  .     R - +2 pair of fencer's gloves {EV+3 Dex+6 Slay+2}
rMut   .         NoTele   +     Q - +0 pair of boots of Mental Paralysis {rF+++}
MR     +++..                    a - amulet of Vitality {Regen+ HP+15}
Stlth  ..........               m - +6 ring of slaying
                                b - ring of Robustness {AC+8}

@: mighty, brilliant, agile, resistant, very slightly contaminated, hasted,
studying Throwing, repel missiles, invisible, very quick, extremely resistant to
hostile enchantments, extremely unstealthy
A: breathe flames 1
a: Upheaval, Elemental Force, Disaster Area, Renounce Religion, Breathe Fire
0: Orb of Zot


You escaped.
You worshipped Qazlal.
Qazlal was exalted by your worship.
You were not hungry.

You visited 1 branch

Inventory:

Hand weapons
 M - a +9 demon blade of slicing (weapon)
Missiles
 d - 4 throwing nets (quivered)
Armour
 q - the +18 shield of the gong (worn) {rElec rN+ MR+ EV-5}
   (You found it in the Dungeon)

   It affects your evasion (-5).
   It insulates you from electricity.
   It protects you from negative energy.
   It affects your resistance to hostile enchantments.
 L - a +5 gold dragon armour (worn)
 N - a +0 helmet of intelligence (worn)
 Q - the +0 pair of boots of Mental Paralysis (worn) {rF+++}
   (You found it in the Dungeon)

   It renders you almost immune to fire.
 R - the +2 pair of fencer's gloves (worn) {EV+3 Dex+6 Slay+2}
   (You found it in the Dungeon)

   It affects your evasion (+3).
   It affects your dexterity (+6).
   It affects your accuracy and damage with ranged weapons and melee attacks
   (+2).
 U - the +0 cloak of Starlight (worn) {rElec rC+ EV+4 Stlth-}
   (You found it in the Dungeon)

   It affects your evasion (+4).
   It protects you from cold.
   It insulates you from electricity.
   It makes you less stealthy.
Rods
 p - a +4 rod of shadows (14/14)
   (You found it in the Dungeon)
 s - a +4 iron rod (14/14)
   (You took it off a vampire knight in the Dungeon)
 T - a +4 rod of destruction (13/13)
   (You found it in the Dungeon)
Jewellery
 a - the amulet of Vitality (around neck) {Regen+ HP+15}
   (You found it in the Dungeon)

   [amulet of regeneration]

   It affects your health (+15).
   It increases your rate of regeneration.
 b - the ring of Robustness (left hand) {AC+8}
   (You found it in the Dungeon)

   [ring of protection]

   It affects your AC (+8).
 m - a +6 ring of slaying (right hand)
 r - the ring "Psiemej" {SustAb rC+ rN+ Dex-4}
   (You took it off a merfolk javelineer in the Dungeon)

   [ring of sustain abilities]

   It sustains your strength, intelligence and dexterity.
   It affects your dexterity (-4).
   It protects you from cold.
   It protects you from negative energy.
 S - the amulet "Thoor" {rMut Str+3}
   (You found it in the Dungeon)

   [amulet of resist mutation]

   It protects you from mutation.
   It affects your strength (+3).
 X - the ring of Phaull {+Fly rPois rC++ MR- Int+2 Dex+2}
   (You found it in the Dungeon)

   [ring of intelligence]

   It affects your intelligence (+2).
   It affects your dexterity (+2).
   It greatly protects you from cold.
   It protects you from poison.
   It affects your resistance to hostile enchantments.
   It lets you fly.
 Y - the ring "Dapheism" {rElec rF+ Dex-2 SInv Stlth+}
   (You took it off a vampire in the Dungeon)

   [ring of protection from fire]

   It affects your dexterity (-2).
   It protects you from fire.
   It insulates you from electricity.
   It enhances your eyesight.
   It makes you more stealthy.
Magical devices
 l - a wand of disintegration (7)
 n - a wand of hasting (4)
 o - a wand of draining (3)
Scrolls
 k - 4 scrolls of blinking
 x - 4 scrolls of amnesia
 y - 2 scrolls of recharging
 z - 7 scrolls of fog
 B - 3 scrolls of identify
 C - 5 scrolls of remove curse
 D - 2 scrolls of fear
Potions
 e - 10 potions of curing
 g - 3 potions of heal wounds
 i - 4 potions of magic
 j - 3 potions of berserk rage
 E - 2 potions of brilliance
 F - a potion of invisibility
 G - a potion of restore abilities
 H - 3 potions of resistance
 J - 3 potions of agility
 K - 5 potions of might
Books
 P - a manual of Throwing
Miscellaneous
 c - an ornate deck of destruction
 t - a lamp of fire
 u - a fan of gales
 A - the horn of Geryon
 I - a stone of tremors
 O - 6 phantom mirrors
 V - a plain deck of destruction {drawn: 3}
 W - an ornate deck of summoning {drawn: 3}
Comestibles
 v - 42 fruits
 w - 3 meat rations


   Skills:
 O Level 27 Fighting
 O Level 27 Long Blades
 - Level 14.1 Throwing
 O Level 27 Armour
 - Level 3.2 Dodging
 O Level 27 Shields
 * Level 13.8 Spellcasting
 - Level 4.7 Hexes
 - Level 18.4 Charms
 - Level 11.4 Summonings
 - Level 16.6 Necromancy
 - Level 10.5 Translocations
 * Level 16.5 Transmutations
 O Level 27 Invocations
 * Level 21.1 Evocations


You had 26 spell levels left.
You knew the following spells:

 Your Spells              Type           Power        Failure   Level  Hunger
a - Regeneration          Chrm/Necr      #######...   1%          3    None
b - Stoneskin             Trmt/Erth      ######..     1%          2    None
c - Song of Slaying       Chrm           #######.     1%          2    None
d - Abjuration            Summ           #######...   1%          3    None
e - Spectral Weapon       Hex/Chrm       #######.     1%          3    None
f - Control Undead        Necr           #######...   1%          4    None
g - Shroud of Golubria    Chrm/Tloc      #######...   1%          2    None
h - Apportation           Tloc           #######...   1%          1    None


Dungeon Overview and Level Annotations

Branches:
Dungeon (1/1)

Altars:
Ashenzari
Cheibriados
Dithmenos
Elyvilon
Fedhas
Gozag
Kikubaaqudgha
Makhleb
Nemelex Xobeh
Okawaru
Qazlal
Ru
Sif Muna
Trog
Vehumet
Xom
Yredelemnul
Zin
The Shining One
Beogh
Jiyva
Lugonu


Innate Abilities, Weirdness & Mutations

You can breathe flames.


Message History

Drop what? 51/52 slots (_ for help) (? for menu, Esc to quit)
You drop a manual of Invocations.
Drink which item? (? for menu, Esc to quit)
You feel agile all of a sudden.
Drink which item? (? for menu, Esc to quit)
You feel very mighty all of a sudden.
Drink which item? (? for menu, Esc to quit)
You feel yourself speed up.
You are very lightly contaminated with residual magic.
Drink which item? (? for menu, Esc to quit)
You feel clever all of a sudden.
Wield which item (- for none, * to show all)? (? for menu, Esc to quit)
Okay, then.
Drink which item? (? for menu, Esc to quit)
You fade into invisibility!
Drink which item? (? for menu, Esc to quit)
You feel protected.
Read which item? (? for menu, Esc to quit)
Okay, then.
You have escaped!

.......=....▓...()........▓...8©8
............▓..▓.).....▓..▓...§.:
)...........▓")...........▓..).)§
............▓(.....)......▓..).§)
....†.......▓.............▓......
...).†......▓▓▓▓▓▓▓▓▓▓▓▓▓▓▓......
▓...†...▓...▓8888888888888▓......
▓▓.)...▓▓▓..▓8.§).§......8▓......
▓.......▓...▓8..@)))....)8▓.▓....
....††......▓8).§§§......8▓......
............▓8888888888888▓▓▓▓▓▓▓
▓▓▓▓▓▓▓▓▓▓▓▓▓▓▓▓▓▓▓▓▓▓▓▓▓▓▓▓▓▓▓▓▓
.....8©8........▓........8©8.....
}).=§.}:§.).}):.▓.}.|:))|)§:§:.[)
:":.[:}[))}):.)[▓.:|"||.).})§§[}[
[[=):[?.[:).[)).▓..??:.|".).).[?.
...)............▓........}§)§....


There were no monsters in sight!

Vanquished Creatures
  Antaeus (D)
  Asmodeus (D)
  Cerebov (D)
  Ereshkigal (D)
  A seraph (D)
  Mnoleg (D)
  Tiamat (D)
  Khufu (D)
  2 ancient liches (D)
  the iron giant (D)
  2 shard shrikes (shapeshifter) (D)
  9 pandemonium lords (D)
  Mennas (D)
  Geryon (D)
  Frederick (D)
  the Enchantress (D)
  Nellie (D)
  4 electric golems (D)
  7 Orb Guardians (D)
  4 tentacled monstrosities (D)
  7 liches (D)
  7 titans (D)
  7 spectral weapons (D)
  4 deep elf blademasters (D)
  18 acid blobs (D)
  An acid blob (shapeshifter) (D)
  2 deep elf master archers (D)
  3 Shadow Fiends (D)
  2 krakens (D)
  A sphinx (shapeshifter) (D)
  2 Executioners (D)
  Rupert (D)
  A shadow dragon (shapeshifter) (D)
  3 ghost moths (shapeshifter) (D)
  4 storm dragons (D)
  17 azure jellies (D)
  Ilsuiw (D)
  2 fire giants (D)
  Wiglaf (D)
  4 greater nagas (D)
  A frost giant (shapeshifter) (D)
  2 balrugs (D)
  A deep elf sorcerer (D)
  2 war gargoyles (D)
  An angel (D)
  3 ghouls (D)
  4 reapers (D)
  2 stone giants (shapeshifter) (D)
  5 vampire knights (D)
  A corrupter (D)
  A deep elf annihilator (D)
  A dire elephant (shapeshifter) (D)
  A black sun (D)
  A lorocyproca (D)
  4 death oozes (D)
  3 merfolk javelineers (D)
  An ettin (D)
  A blizzard demon (D)
  6 fire dragons (D)
  A green death (D)
  6 merfolk impalers (D)
  3 deep elf high priests (D)
  Josephine (D)
  A rakshasa (D)
  3 hydras (D)
  2 hydras (shapeshifter) (D)
  3 naga warriors (D)
  2 ice dragons (D)
  Nessos (D)
  A centaur warrior (D)
  4 hell beasts (D)
  4 spriggan air magi (D)
  A merfolk avatar (D)
  2 anacondas (shapeshifter) (D)
  A catoblepas (D)
  An alligator snapping turtle (shapeshifter) (D)
  An alligator snapping turtle (D)
  9 anacondas (D)
  3 merfolk aquamancers (D)
  3 iron elementals (D)
  A death yak (D)
  A spriggan berserker (D)
  3 vampire magi (D)
  4 hell hogs (D)
  2 satyrs (D)
  3 soul eaters (D)
  2 sun demons (D)
  A death drake (shapeshifter) (D)
  A sea snake (D)
  7 skeletal warriors (D)
  3 deep elf knights (D)
  2 deep trolls (shapeshifter) (D)
  3 cherubim (D)
  A deep elf summoner (D)
  A giant orange brain (shapeshifter) (D)
  An infernal demonspawn (D)
  A hill giant (shapeshifter) (D)
  2 ice devils (D)
  An unseen horror (D)
  A swamp dragon (shapeshifter) (D)
  Pikel (D)
  3 necromancers (D)
  3 harpies (shapeshifter) (D)
  3 deep elf conjurers (D)
  An orc sorcerer (D)
  3 hornets (D)
  An orb spider (D)
  A shining eye (shapeshifter) (D)
  6 wolf spiders (D)
  A cyclops (shapeshifter) (D)
  2 manticores (shapeshifter) (D)
  2 moths of wrath (shapeshifter) (D)
  A shining eye (D)
  3 manticores (D)
  A draconian (shapeshifter) (D)
  4 ugly things (D)
  4 guardian serpents (D)
  5 naga magi (D)
  3 elephants (shapeshifter) (D)
  A water nymph (shapeshifter) (D)
  A griffon (D)
  2 anubis guards (shapeshifter) (D)
  2 sixfirhies (D)
  Joseph (D)
  9 black mambas (D)
  2 rust devils (D)
  An eye of devastation (shapeshifter) (D)
  A torpor snail (D)
  A black mamba (shapeshifter) (D)
  2 octopodes (shapeshifter) (D)
  An orange demon (D)
  2 spiny frogs (shapeshifter) (D)
  3 torpor snails (shapeshifter) (D)
  2 spiny frogs (D)
  4 hellions (D)
  A komodo dragon (shapeshifter) (D)
  17 large abominations (D)
  A demonic crawler (D)
  3 efreet (D)
  2 hellwings (D)
  4 tormentors (D)
  2 freezing wraiths (D)
  2 queen bees (shapeshifter) (D)
  A troll (shapeshifter) (D)
  4 merfolk (D)
  3 jumping spiders (D)
  An earth elemental (D)
  3 red devils (D)
  8 fire drakes (D)
  A merfolk (shapeshifter) (D)
  5 blue devils (D)
  2 fire vortices (D)
  2 polar bears (shapeshifter) (D)
  A blink frog (D)
  A snapping turtle (shapeshifter) (D)
  A raiju (shapeshifter) (D)
  A slime creature (D)
  5 wind drakes (D)
  A boulder beetle (D)
  A basilisk (D)
  A baby alligator (shapeshifter) (D)
  A raven (shapeshifter) (D)
  A basilisk (shapeshifter) (D)
  A slime creature (shapeshifter) (D)
  A trapdoor spider (shapeshifter) (D)
  A ynoxinul (D)
  11 air elementals (D)
  3 flying skulls (D)
  A trapdoor spider (D)
  A redback (D)
  A hippogriff (shapeshifter) (D)
  A snapping turtle (D)
  2 yaks (D)
  2 water elementals (D)
  A human (shapeshifter) (D)
  6 shadows (D)
  3 vampires (D)
  5 deep elf fighters (D)
  8 neqoxecs (D)
  5 golden eyes (D)
  A golden eye (shapeshifter) (D)
  5 deep elf magi (D)
  A chaos spawn (D)
  12 fire elementals (D)
  3 hippogriffs (D)
  A small abomination (D)
  A human zombie (D)
  4 hell hounds (D)
  7 insubstantial wisps (D)
  2 nagas (D)
  4 ice beasts (D)
  A mottled dragon (D)
  12 water moccasins (D)
  Purgy (D)
  A sky beast (D)
  2 wasps (D)
  4 eyes of draining (D)
  4 necrophages (D)
  3 spiders (D)
  A tengu (shapeshifter) (D)
  A boring beetle (shapeshifter) (D)
  A centaur (D)
  A boggart (shapeshifter) (D)
  10 scorpions (D)
  A killer bee (D)
  9 wights (D)
  Dowan (D)
  2 jellies (D)
  2 goliath beetles (D)
  7 elf zombies (D)
  4 quasits (D)
  A crimson imp (D)
  2 worker ants (D)
  2 iron imps (D)
  2 hell rats (D)
  5 adders (D)
  3 river rats (D)
  A shadow imp (D)
  2 white imps (D)
  A worm (D)
  2 giant mites (D)
  3 giant eyeballs (D)
  2 ufetubi (D)
  4 adder zombies (D)
  5 adder skeletons (D)
  A giant gecko (D)
  An ooze (D)
  A bat skeleton (D)
  4 bat zombies (D)
  A giant cockroach (D)
  A kobold (D)
  2 ball pythons (D)
  A bat (D)
  A bat simulacrum (D)
  A giant gecko skeleton (D)
  2 giant gecko zombies (D)
  A giant newt (D)
  A quokka zombie (D)
  A spectral giant cockroach (D)
  7 fungi (D)
  4 tentacles (D)
  2 tentacle segments (D)
653 creatures vanquished.

Vanquished Creatures (collateral kills)
  Roxanne (D)
  A frost giant (shapeshifter) (D)
  An azure jelly (D)
  2 greater nagas (D)
  A reaper (D)
  A very ugly thing (D)
  A corrupter (D)
  A vampire knight (D)
  A death ooze (D)
  A black sun (D)
  2 hell beasts (D)
  4 naga warriors (D)
  A catoblepas (D)
  2 hydras (D)
  An anaconda (D)
  A hell hog (D)
  A fire crab (shapeshifter) (D)
  A hill giant (shapeshifter) (D)
  2 rust devils (D)
  A griffon (D)
  A draconian (shapeshifter) (D)
  A hornet (shapeshifter) (D)
  A sixfirhy (D)
  A spiny frog (shapeshifter) (D)
  2 komodo dragons (D)
  A wind drake (D)
  A two-headed ogre (shapeshifter) (D)
  An air elemental (D)
  A blink frog (D)
  A water elemental (D)
  A wyvern (shapeshifter) (D)
  2 yaks (D)
  2 nagas (D)
  3 hell hounds (D)
  4 water moccasins (D)
  A large abomination (D)
  A sky beast (D)
  A wasp (D)
  A tengu (shapeshifter) (D)
  4 crocodiles (D)
  A quasit (D)
  A worker ant (D)
  A worm (D)
  2 bat zombies (D)
  A ball python (D)
64 creatures vanquished.

Vanquished Creatures (others)
  the royal jelly (D)
  Norris (D)
  3 spectral weapons (D)
  36 acid blobs (D)
  42 azure jellies (D)
  A stone giant (D)
  An ettin (D)
  46 death oozes (D)
  A rakshasa (D)
  3 hell beasts (D)
  5 large abominations (D)
  A naga sharpshooter (D)
  A soul eater (D)
  Nergalle (D)
  Erolcha (D)
  16 air elementals (D)
  A shadow demon (D)
  An ugly thing (D)
  A sixfirhy (D)
  2 yaktaurs (D)
  A hellwing (D)
  A basilisk (D)
  2 earth elementals (D)
  A water elemental (D)
  17 fire elementals (D)
  5 golden eyes (D)
  Grum (D)
  An insubstantial wisp (D)
  A hell hound (D)
  3 wasps (D)
  2 eyes of draining (D)
  Sigmund (D)
  Duvessa (D)
  3 centaurs (D)
  A small abomination (D)
  2 white imps (D)
  3 ufetubi (D)
  2 bat skeletons (D)
  A bat zombie (D)
  11 tentacles (D)
  273 tentacle segments (D)
498 creatures vanquished.

Grand Total: 1215 creatures vanquished

Notes
Turn   | Place    | Note
--------------------------------------------------------------
     0 | D        | BluebellGnoll, the High Elf Gladiator, began the quest for the Orb.
     0 | D        | Reached XP level 1. HP: 14/14 MP: 2/2
     0 | D        | Found a viscous altar of Jiyva.
     0 | D        | Found a corrupted altar of Lugonu.
     0 | D        | Found a white marble altar of Elyvilon.
     2 | D        | Found a sparkling altar of Nemelex Xobeh.
     2 | D        | Found a burning altar of Makhleb.
     5 | D        | Became a worshipper of Qazlal Stormbringer
     8 | D        | Found a deep blue altar of Sif Muna.
     8 | D        | Found a bloodstained altar of Trog.
    11 | D        | Found an iron altar of Okawaru.
    14 | D        | Killed Nergalle
    20 | D        | Found a radiant altar of Vehumet.
    27 | D        | Found a basalt altar of Yredelemnul.
    37 | D        | Found a shimmering altar of Xom.
    44 | D        | Reached skill level 6 in Armour
    44 | D        | Reached XP level 2. HP: 19/19 MP: 3/3
    66 | D        | Entered arena 1.
    66 | D        | Noticed a fire vortex
    66 | D        | Noticed a hell hog
    70 | D        | Killed a fire vortex
    70 | D        | Reached skill level 10 in Long Blades
    70 | D        | Reached XP level 3. HP: 13/30 MP: 5/5
    70 | D        | Reached XP level 4. HP: 15/36 MP: 7/7
    70 | D        | Reached XP level 5. HP: 17/41 MP: 8/8
    71 | D        | Killed a hell hog
    71 | D        | Reached skill level 14 in Long Blades
    71 | D        | Reached XP level 6. HP: 18/54 MP: 10/10
    71 | D        | Reached XP level 7. HP: 19/58 MP: 12/12
   277 | D        | Entered arena 2.
   277 | D        | Noticed an eye of draining
   277 | D        | Noticed an eye of draining
   279 | D        | Paralysed by a giant eyeball for 4 turns
   286 | D        | Killed an eye of draining
   286 | D        | Acquired Qazlal's first power
   289 | D        | Killed an eye of draining
   297 | D        | Entered arena 3.
   297 | D        | Noticed a deep elf conjurer
   297 | D        | Noticed a deep elf fighter
   297 | D        | Noticed a deep elf conjurer
   303 | D        | Killed a deep elf conjurer
   303 | D        | Reached XP level 8. HP: 48/64 MP: 2/13
   306 | D        | Killed a deep elf conjurer
   306 | D        | Acquired Qazlal's second power
   306 | D        | Reached skill level 10 in Shields
   311 | D        | Killed a deep elf fighter
   311 | D        | Reached XP level 9. HP: 41/70 MP: 3/15
   312 | D        | Killed an acid blob
   319 | D        | Killed a death ooze
   336 | D        | Learned a level 3 spell: Regeneration
   375 | D        | Killed an acid blob
   377 | D        | Killed Grum
   388 | D        | Killed an acid blob
   423 | D        | Killed an acid blob
   449 | D        | Entered arena 4.
   449 | D        | Noticed a merfolk
   449 | D        | Noticed a merfolk
   449 | D        | Noticed a merfolk
   449 | D        | Noticed a merfolk
   456 | D        | Killed a merfolk
   457 | D        | Killed a merfolk
   461 | D        | Killed a merfolk
   464 | D        | Killed an azure jelly
   466 | D        | Killed a merfolk
   466 | D        | Acquired Qazlal's third power
   471 | D        | Killed an acid blob
   475 | D        | Identified the Incunabulum of Shape Shifting and Augmentations (You found it in the Dungeon)
   477 | D        | Killed an azure jelly
   479 | D        | Learned a level 3 spell: Spectral Weapon
   491 | D        | Killed an acid blob
   492 | D        | Entered arena 5.
   492 | D        | Noticed a centaur warrior
   492 | D        | Noticed a fire dragon
   492 | D        | Noticed a wolf spider
   492 | D        | Noticed a deep elf knight
   495 | D        | Killed a centaur warrior
   495 | D        | Killed an azure jelly
   499 | D        | Killed a fire dragon
   499 | D        | Reached XP level 10. HP: 45/75 MP: 11/28
   499 | D        | Killed a deep elf knight
   502 | D        | Killed a wolf spider
   502 | D        | Acquired Qazlal's fourth power
   502 | D        | Reached skill level 15 in Invocations
   609 | D        | Killed a death ooze
   714 | D        | Entered arena 6.
   714 | D        | Noticed a quasit
   714 | D        | Noticed a quasit
   714 | D        | Noticed an iron imp
   714 | D        | Noticed a small abomination
   714 | D        | Noticed a quasit
   714 | D        | Killed a death ooze
   715 | D        | Killed a quasit
   715 | D        | Killed a quasit
   715 | D        | Killed a quasit
   719 | D        | Killed a small abomination
   719 | D        | Reached skill level 10 in Fighting
   723 | D        | Killed an iron imp
   723 | D        | Acquired Qazlal's fifth power
   734 | D        | Killed a death ooze
   738 | D        | Entered arena 7.
   738 | D        | Noticed a jelly
   738 | D        | Noticed a jelly
   738 | D        | Noticed an eye of draining
   738 | D        | Noticed an eye of draining
   738 | D        | Noticed a slime creature
   739 | D        | Gained mutation: You can breathe flames. [helix card]
   740 | D        | Killed a jelly
   741 | D        | Killed an acid blob
   743 | D        | Killed a jelly
   743 | D        | Killed an eye of draining
   746 | D        | Killed a slime creature
   746 | D        | Killed an acid blob
   748 | D        | Killed an eye of draining
   752 | D        | Killed an azure jelly
   759 | D        | Entered arena 8.
   759 | D        | Noticed a scorpion
   759 | D        | Noticed a redback
   759 | D        | Noticed a scorpion
   759 | D        | Noticed a scorpion
   759 | D        | Noticed a wolf spider
   759 | D        | Noticed a jumping spider
   761 | D        | Drew Focus: Int increased to 17, Str decreased to 13
   768 | D        | Killed a redback
   769 | D        | Killed a wolf spider
   771 | D        | Killed a scorpion
   772 | D        | Killed a scorpion
   774 | D        | Killed a scorpion
   778 | D        | Killed a jumping spider
   781 | D        | Killed a death ooze
   796 | D        | Killed a death ooze
   812 | D        | Killed an acid blob
   868 | D        | Killed an acid blob
   888 | D        | Entered arena 9.
   888 | D        | Noticed a wolf spider
   888 | D        | Noticed a scorpion
   888 | D        | Noticed a scorpion
   888 | D        | Noticed a scorpion
   888 | D        | Noticed a scorpion
   888 | D        | Noticed a scorpion
   888 | D        | Noticed a scorpion
   889 | D        | Killed a scorpion
   889 | D        | Killed a scorpion
   889 | D        | Killed a scorpion
   889 | D        | Killed a scorpion
   890 | D        | Killed a scorpion
   892 | D        | Killed a wolf spider
   895 | D        | Killed a scorpion
   900 | D        | Got the amulet "Shysoih" {Stasis rElec rF+ MR+ Str+7 Int-4}
   900 | D        | Killed a death ooze
   905 | D        | Learned a level 2 spell: Stoneskin
   913 | D        | Entered arena 10.
   913 | D        | Noticed a neqoxec
   913 | D        | Noticed a black mamba
   913 | D        | Noticed a cyan ugly thing
   913 | D        | Noticed a neqoxec
   913 | D        | Noticed a neqoxec
   913 | D        | Noticed a basilisk
   913 | D        | Noticed a red ugly thing
   913 | D        | Noticed a harpy
   913 | D        | Noticed a neqoxec
   914 | D        | Killed a neqoxec
   914 | D        | Killed a neqoxec
   914 | D        | Killed a neqoxec
   914 | D        | Reached XP level 11. HP: 88/88 MP: 23/31
   915 | D        | Killed a black mamba
   916 | D        | Killed a neqoxec
   918 | D        | Killed an azure jelly
   920 | D        | a basilisk changed into a hippogriff
   921 | D        | Killed a red ugly thing
   921 | D        | Reached skill level 16 in Invocations
   924 | D        | Killed a harpy
   928 | D        | Killed a cyan ugly thing
   928 | D        | Reached skill level 17 in Invocations
   935 | D        | Got the amulet "Thoor" {rMut Str+3}
   937 | D        | Killed an acid blob
   980 | D        | Killed an azure jelly
   986 | D        | Killed a death ooze
   989 | D        | Entered arena 11.
   989 | D        | Noticed a naga warrior
   989 | D        | Noticed a water moccasin
   989 | D        | Noticed a naga mage
   989 | D        | Noticed a naga mage
   989 | D        | Noticed a guardian serpent
   989 | D        | Noticed a water moccasin
   989 | D        | Noticed a black mamba
   990 | D        | Killed a water moccasin
   991 | D        | Killed a water moccasin
   992 | D        | Killed a naga mage
   992 | D        | Killed a naga mage
   992 | D        | Reached skill level 18 in Invocations
   993 | D        | Killed a guardian serpent
   996 | D        | Killed a black mamba
  1002 | D        | Killed a naga warrior
  1002 | D        | Reached skill level 19 in Invocations
  1003 | D        | Killed an azure jelly
  1008 | D        | Killed an azure jelly
  1008 | D        | Killed an azure jelly
  1035 | D        | Entered arena 12.
  1035 | D        | Noticed a deep elf blademaster
  1035 | D        | Noticed a deep elf high priest
  1035 | D        | Noticed a deep elf mage
  1035 | D        | Noticed a deep elf high priest
  1035 | D        | Noticed a deep elf fighter
  1035 | D        | Noticed a deep elf mage
  1036 | D        | Noticed a deep elf summoner
  1036 | D        | Noticed a deep elf fighter
  1037 | D        | Killed a deep elf fighter
  1037 | D        | Killed a deep elf mage
  1037 | D        | Killed a deep elf mage
  1037 | D        | Reached skill level 15 in Long Blades
  1037 | D        | Killed a deep elf high priest
  1037 | D        | Killed a deep elf high priest
  1037 | D        | Killed a deep elf blademaster
  1037 | D        | Reached XP level 12. HP: 76/94 MP: 29/33
  1037 | D        | Killed a deep elf fighter
  1037 | D        | Reached skill level 20 in Long Blades
  1037 | D        | Killed a deep elf summoner
  1054 | D        | Killed an acid blob
  1086 | D        | Killed a death ooze
  1109 | D        | Entered arena 13.
  1109 | D        | Noticed a freezing wraith
  1110 | D        | Noticed a flying skull
  1110 | D        | Noticed an ice beast
  1110 | D        | Noticed an ice dragon
  1110 | D        | Noticed a blue devil
  1112 | D        | Killed a flying skull
  1112 | D        | Killed an ice beast
  1113 | D        | Noticed an ice beast
  1113 | D        | Noticed a freezing wraith
  1116 | D        | Killed a blue devil
  1120 | D        | Killed a freezing wraith
  1128 | D        | Killed an ice dragon
  1129 | D        | Killed an ice beast
  1135 | D        | Killed a freezing wraith
  1140 | D        | Killed an azure jelly
  1145 | D        | Killed a death ooze
  1154 | D        | Identified the Collected Works on Excruciating Ice (You found it in the Dungeon)
  1156 | D        | Got the ring of Phaull {+Fly rPois rC++ MR- Int+2 Dex+2}
  1171 | D        | Killed an azure jelly
  1171 | D        | Killed an azure jelly
  1172 | D        | Killed a death ooze
  1186 | D        | Killed an acid blob
  1197 | D        | Killed an acid blob
  1208 | D        | Entered arena 14.
  1208 | D        | Noticed a hornet
  1208 | D        | Noticed a jumping spider
  1208 | D        | Noticed a jumping spider
  1209 | D        | Noticed a trapdoor spider
  1209 | D        | Noticed a wolf spider
  1209 | D        | Noticed an orb spider
  1209 | D        | Noticed a hornet
  1210 | D        | Noticed a wolf spider
  1210 | D        | Noticed a demonic crawler
  1210 | D        | Noticed a wasp
  1211 | D        | Noticed a spider
  1211 | D        | Noticed a wolf spider
  1212 | D        | Killed a trapdoor spider
  1212 | D        | Killed a hornet
  1212 | D        | Killed a hornet
  1213 | D        | Noticed a hornet
  1213 | D        | Killed an orb spider
  1213 | D        | Killed a jumping spider
  1214 | D        | Killed a wolf spider
  1217 | D        | Killed a wolf spider
  1217 | D        | Reached skill level 21 in Invocations
  1218 | D        | Killed a wasp
  1223 | D        | Killed a demonic crawler
  1226 | D        | Killed a hornet
  1231 | D        | Killed a wolf spider
  1234 | D        | Killed a spider
  1236 | D        | Killed a jumping spider
  1245 | D        | Identified Sif Muna's Tome of Summoning (You found it in the Dungeon)
  1253 | D        | Identified Sif Muna's Tome of Summoning (You found it in the Dungeon)
  1261 | D        | Killed an azure jelly
  1264 | D        | Killed a death ooze
  1266 | D        | Killed a death ooze
  1295 | D        | Killed an azure jelly
  1301 | D        | Killed an azure jelly
  1313 | D        | Killed a death ooze
  1344 | D        | Killed an azure jelly
  1353 | D        | Killed a death ooze
  1401 | D        | Entered arena 15.
  1401 | D        | Noticed a vampire
  1401 | D        | Noticed an ice devil
  1402 | D        | Noticed a necrophage
  1402 | D        | Noticed a shadow
  1402 | D        | Noticed an ice dragon
  1402 | D        | Noticed an ice beast
  1403 | D        | Noticed a skeletal warrior
  1403 | D        | Noticed a skeletal warrior
  1403 | D        | Noticed a flying skull
  1406 | D        | Killed an ice dragon
  1406 | D        | Killed an ice beast
  1406 | D        | Killed a necrophage
  1406 | D        | Killed a skeletal warrior
  1407 | D        | Killed a shadow
  1410 | D        | Killed an ice devil
  1412 | D        | Killed a skeletal warrior
  1412 | D        | Reached skill level 15 in Fighting
  1415 | D        | Killed a flying skull
  1416 | D        | Killed an azure jelly
  1418 | D        | Killed a vampire
  1420 | D        | Got the ring "Dapheism" {rElec rF+ Dex-2 SInv Stlth+}
  1421 | D        | Killed an azure jelly
  1423 | D        | Killed an azure jelly
  1430 | D        | Killed a death ooze
  1432 | D        | Identified the Collected Works on Confrontation (You found it in the Dungeon)
  1438 | D        | Identified the Disquisition on Moulding (You found it in the Dungeon)
  1444 | D        | Entered arena 16.
  1448 | D        | Killed an acid blob
  1451 | D        | Noticed a skeletal warrior
  1451 | D        | Noticed a wight
  1451 | D        | Killed an azure jelly
  1452 | D        | Noticed a shadow
  1452 | D        | Noticed a reaper
  1453 | D        | Noticed a flying skull
  1453 | D        | Noticed a rust devil
  1453 | D        | Noticed a hell hound
  1454 | D        | Noticed a rust devil
  1455 | D        | Noticed a tormentor
  1457 | D        | Noticed a hell hound
  1458 | D        | Killed a shadow
  1458 | D        | Killed a wight
  1459 | D        | Noticed an iron imp
  1459 | D        | Killed a tormentor
  1459 | D        | Killed a skeletal warrior
  1460 | D        | Killed an acid blob
  1460 | D        | Killed a hell hound
  1461 | D        | Killed a death ooze
  1462 | D        | Noticed a hellion
  1463 | D        | Killed a rust devil
  1465 | D        | Noticed a reaper
  1468 | D        | Killed a flying skull
  1472 | D        | Killed a rust devil
  1472 | D        | Killed a hell hound
  1474 | D        | Killed a reaper
  1474 | D        | Reached XP level 13. HP: 104/104 MP: 20/36
  1475 | D        | Killed an iron imp
  1483 | D        | Killed an acid blob
  1484 | D        | Killed a reaper
  1487 | D        | Killed a hellion
  1490 | D        | Killed an acid blob
  1496 | D        | Killed an acid blob
  1498 | D        | Killed a death ooze
  1509 | D        | Identified Pseaczib's Catalogue of Excruciating Beguiling (You found it in the Dungeon)
  1607 | D        | Killed an acid blob
  1613 | D        | Killed an acid blob
  1623 | D        | Killed an azure jelly
  1625 | D        | Killed a death ooze
  1661 | D        | Killed an azure jelly
  1724 | D        | Killed a death ooze
  1740 | D        | Entered arena 17.
  1747 | D        | Noticed a boulder beetle
  1747 | D        | Noticed a black bear
  1747 | D        | Noticed a boulder beetle
  1747 | D        | Noticed a neqoxec
  1748 | D        | Noticed a ghost crab
  1748 | D        | Noticed a komodo dragon
  1748 | D        | Killed a cyclops
  1748 | D        | a ghost crab changed into an octopode
  1749 | D        | Noticed an eye of devastation
  1749 | D        | Noticed a brown ugly thing
  1749 | D        | Killed a komodo dragon
  1749 | D        | a boulder beetle changed into a glowing shapeshifter
  1750 | D        | Noticed a shining eye
  1750 | D        | Noticed a fire crab
  1750 | D        | Killed a neqoxec
  1750 | D        | Killed a shining eye
  1751 | D        | Noticed a cyan very ugly thing
  1751 | D        | Killed a brown ugly thing
  1751 | D        | Killed an eye of devastation
  1751 | D        | a boulder beetle changed into a faun
  1754 | D        | Noticed a red ugly thing
  1755 | D        | Killed a fire crab
  1757 | D        | a black bear changed into a wyvern
  1757 | D        | Reached skill level 15 in Shields
  1759 | D        | Killed a cyan very ugly thing
  1770 | D        | Killed a red ugly thing
  1789 | D        | Identified the Handbook of Displaced Venom (You found it in the Dungeon)
  1793 | D        | Got the ring "Goemocka" {rElec rF+ rC- Str+2}
  1812 | D        | Killed an azure jelly
  1830 | D        | Entered arena 18.
  1834 | D        | Noticed a deep elf fighter
  1838 | D        | Noticed a deep elf conjurer
  1839 | D        | Noticed a deep elf master archer
  1839 | D        | Noticed a deep elf blademaster
  1840 | D        | Noticed a deep elf mage
  1841 | D        | Noticed a deep elf knight
  1841 | D        | Noticed a deep elf knight
  1841 | D        | Noticed a deep elf blademaster
  1842 | D        | Noticed a deep elf mage
  1842 | D        | Noticed a deep elf fighter
  1842 | D        | Noticed a deep elf annihilator
  1843 | D        | Noticed a deep elf high priest
  1844 | D        | Noticed an orc sorcerer
  1845 | D        | Killed a deep elf mage
  1845 | D        | Killed a deep elf fighter
  1845 | D        | Killed a deep elf mage
  1845 | D        | Killed a deep elf knight
  1845 | D        | Reached skill level 22 in Invocations
  1846 | D        | Noticed a deep elf master archer
  1846 | D        | Noticed a deep elf mage
  1847 | D        | Killed a deep elf high priest
  1847 | D        | Killed a deep elf fighter
  1849 | D        | Noticed a deep elf blademaster
  1850 | D        | Killed a deep elf mage
  1852 | D        | Killed a deep elf blademaster
  1852 | D        | Reached skill level 23 in Invocations
  1854 | D        | Killed a deep elf master archer
  1854 | D        | Killed a deep elf master archer
  1854 | D        | Reached skill level 24 in Invocations
  1854 | D        | Killed a deep elf knight
  1854 | D        | Killed a deep elf annihilator
  1854 | D        | Killed a deep elf conjurer
  1854 | D        | Killed an orc sorcerer
  1854 | D        | Killed a deep elf blademaster
  1854 | D        | Reached skill level 25 in Invocations
  1854 | D        | Reached XP level 14. HP: 110/110 MP: 15/38
  1857 | D        | Killed a deep elf blademaster
  1913 | D        | Killed an azure jelly
  1935 | D        | Killed an azure jelly
  1938 | D        | Entered arena 19.
  1946 | D        | Killed a death ooze
  1948 | D        | Noticed a sixfirhy
  1951 | D        | Noticed Dimes the pandemonium lord
  1951 | D        | Killed a sixfirhy
  1952 | D        | Noticed a sixfirhy
  1952 | D        | Noticed Doifikh the pandemonium lord
  1955 | D        | Killed an acid blob
  1958 | D        | Noticed Udaff the pandemonium lord
  1959 | D        | Noticed Ylilapp the pandemonium lord
  1960 | D        | Noticed Lyixto Cuqo the pandemonium lord
  1962 | D        | Noticed a red devil
  1962 | D        | Noticed a gelid corrupter
  1963 | D        | Noticed a reaper
  1964 | D        | Noticed a Shadow Fiend
  1965 | D        | Noticed a deep elf sorcerer
  1965 | D        | Noticed Kegoemah the pandemonium lord
  1966 | D        | Killed a red devil
  1966 | D        | Killed a sixfirhy
  1966 | D        | Killed a hellwing
  1966 | D        | Killed a neqoxec
  1966 | D        | Killed a Shadow Fiend
  1966 | D        | Killed a deep elf sorcerer
  1966 | D        | Killed a gelid corrupter
  1966 | D        | Killed Doifikh the pandemonium lord
  1966 | D        | Killed Ylilapp the pandemonium lord
  1966 | D        | Killed a reaper
  1966 | D        | Killed Kegoemah the pandemonium lord
  1967 | D        | Noticed a neqoxec
  1967 | D        | Killed Udaff the pandemonium lord
  1968 | D        | Noticed Taloghoy the pandemonium lord
  1970 | D        | Noticed a blue devil
  1970 | D        | Noticed Pashrys the pandemonium lord
  1971 | D        | Noticed a blue devil
  1973 | D        | Noticed a red devil
  1974 | D        | Killed Dimes the pandemonium lord
  1975 | D        | Noticed an infernal black sun
  1975 | D        | Killed a death ooze
  1977 | D        | Noticed a ynoxinul
  1985 | D        | Killed Lyixto Cuqo the pandemonium lord
  1990 | D        | Killed Pashrys the pandemonium lord
  1990 | D        | Reached XP level 15. HP: 93/133 MP: 26/39
  1990 | D        | Killed an azure jelly
  1992 | D        | Killed a neqoxec
  1994 | D        | Killed a blue devil
  1996 | D        | Killed a ynoxinul
  2008 | D        | Killed Taloghoy the pandemonium lord
  2011 | D        | Killed an infernal black sun
  2014 | D        | Killed a blue devil
  2019 | D        | Killed a red devil
  2099 | D        | Killed an azure jelly
  2118 | D        | Killed an acid blob
  2179 | D        | Entered arena 20.
  2184 | D        | Noticed a kraken
  2185 | D        | Noticed a water elemental
  2185 | D        | Noticed a manticore
  2185 | D        | Noticed a merfolk javelineer
  2185 | D        | Noticed a manticore
  2185 | D        | Noticed a satyr
  2186 | D        | Noticed a sea snake
  2186 | D        | Noticed a merfolk javelineer
  2186 | D        | Noticed a merfolk aquamancer
  2186 | D        | Killed a manticore
  2186 | D        | Noticed a merfolk impaler
  2186 | D        | Noticed a merfolk impaler
  2186 | D        | Noticed a merfolk aquamancer
  2187 | D        | Noticed a merfolk avatar
  2187 | D        | Noticed a merfolk javelineer
  2187 | D        | Killed a merfolk javelineer
  2187 | D        | Killed a water elemental
  2187 | D        | Reached skill level 5 in Evocations
  2188 | D        | Noticed an alligator snapping turtle
  2188 | D        | Noticed a merfolk impaler
  2188 | D        | Noticed a merfolk impaler
  2188 | D        | Noticed a merfolk impaler
  2188 | D        | Killed a merfolk avatar
  2188 | D        | Killed a satyr
  2188 | D        | Killed a merfolk javelineer
  2189 | D        | Noticed a merfolk aquamancer
  2189 | D        | Noticed a snapping turtle
  2189 | D        | Noticed a merfolk impaler
  2190 | D        | Noticed a griffon
  2192 | D        | Killed a sea snake
  2196 | D        | Noticed a manticore
  2196 | D        | Killed a water elemental
  2198 | D        | Killed a manticore
  2199 | D        | Killed a snapping turtle
  2199 | D        | Killed a merfolk impaler
  2199 | D        | Reached skill level 10 in Evocations
  2199 | D        | Killed a griffon
  2199 | D        | Killed a satyr
  2199 | D        | Killed a merfolk aquamancer
  2200 | D        | Killed a merfolk impaler
  2200 | D        | Killed a merfolk impaler
  2202 | D        | Killed a merfolk aquamancer
  2202 | D        | Killed an azure jelly
  2204 | D        | Killed a merfolk aquamancer
  2206 | D        | Killed a merfolk javelineer
  2206 | D        | Killed a merfolk impaler
  2206 | D        | Killed a manticore
  2206 | D        | Killed a merfolk impaler
  2206 | D        | Reached skill level 15 in Evocations
  2206 | D        | Killed an alligator snapping turtle
  2206 | D        | Killed a merfolk impaler
  2210 | D        | Killed an acid blob
  2217 | D        | Killed an acid blob
  2222 | D        | Killed a kraken
  2231 | D        | Killed an acid blob
  2254 | D        | Killed an acid blob
  2271 | D        | Killed an azure jelly
  2275 | D        | Killed an acid blob
  2288 | D        | Got the ring "Psiemej" {SustAb rC+ rN+ Dex-4}
  2305 | D        | Entered arena 21.
  2305 | D        | Noticed a hell hound
  2305 | D        | Noticed a hell hound
  2305 | D        | Noticed a hell hound
  2306 | D        | Identified a +4 rod of shadows (14/14) (You found it in the Dungeon)
  2308 | D        | Noticed a hell hog
  2309 | D        | Noticed a fire dragon
  2309 | D        | Noticed a fire dragon
  2310 | D        | Noticed a fire drake
  2310 | D        | Noticed a hell hound
  2310 | D        | Noticed a fire giant
  2310 | D        | Killed a hell hound
  2311 | D        | Noticed a fire drake
  2311 | D        | Killed a hell hound
  2312 | D        | Noticed a hell hound
  2312 | D        | Noticed a fire dragon
  2312 | D        | Killed a hell hound
  2313 | D        | Noticed a hell hog
  2313 | D        | Noticed a fire elemental
  2313 | D        | Killed a fire drake
  2313 | D        | Killed a fire dragon
  2313 | D        | Killed a fire drake
  2314 | D        | Noticed a fire drake
  2314 | D        | Killed a fire dragon
  2314 | D        | Killed a fire dragon
  2314 | D        | Killed a fire elemental
  2314 | D        | Killed a hell hound
  2314 | D        | Killed a hell hog
  2315 | D        | Noticed a balrug
  2315 | D        | Noticed a fire dragon
  2315 | D        | Noticed a hell hog
  2315 | D        | Noticed a fire drake
  2315 | D        | Noticed a hell hog
  2315 | D        | Killed a hell hog
  2315 | D        | Killed an efreet
  2316 | D        | Noticed an efreet
  2316 | D        | Noticed a fire drake
  2316 | D        | Killed a fire drake
  2316 | D        | Killed a fire drake
  2317 | D        | Noticed a fire dragon
  2317 | D        | Noticed a fire giant
  2317 | D        | Killed a balrug
  2317 | D        | Killed a fire giant
  2317 | D        | Killed a hell hog
  2317 | D        | Killed a fire dragon
  2317 | D        | Killed a fire drake
  2317 | D        | Killed an efreet
  2318 | D        | Noticed a fire drake
  2319 | D        | Noticed a fire drake
  2320 | D        | Noticed a fire drake
  2321 | D        | Killed a hell hog
  2322 | D        | Killed a hell hound
  2323 | D        | Killed a fire drake
  2323 | D        | Killed a fire drake
  2323 | D        | Killed a fire drake
  2327 | D        | Killed a fire dragon
  2337 | D        | Noticed a fire vortex
  2338 | D        | Killed a fire giant
  2353 | D        | Killed a fire vortex
  2368 | D        | Identified Grahuec's Papyrus of Combat Magic and Ignition (You found it in the Dungeon)
  2370 | D        | Identified the Incunabulum of Creative Curses (You found it in the Dungeon)
  2374 | D        | Learned a level 3 spell: Abjuration
  2384 | D        | Identified the Tome of the Unstable Rocks (You found it in the Dungeon)
  2404 | D        | Identified a +0 pair of boots of running (You found it in the Dungeon)
  2434 | D        | Entered arena 22.
  2441 | D        | Killed an azure jelly
  2445 | D        | Noticed an air elemental
  2445 | D        | Noticed a wind drake
  2446 | D        | Noticed a titan
  2446 | D        | Killed an air elemental
  2448 | D        | Noticed a storm dragon
  2448 | D        | Noticed a storm dragon
  2448 | D        | Noticed a titan
  2448 | D        | Noticed a spriggan air mage
  2448 | D        | Noticed a titan
  2448 | D        | Noticed a wind drake
  2448 | D        | Noticed a spriggan air mage
  2448 | D        | Noticed an air elemental
  2450 | D        | Noticed an air elemental
  2450 | D        | Noticed a titan
  2450 | D        | Noticed a spriggan air mage
  2450 | D        | Noticed an electric golem
  2450 | D        | Noticed a titan
  2451 | D        | Noticed a wind drake
  2451 | D        | Noticed an insubstantial wisp
  2451 | D        | Killed a spriggan air mage
  2451 | D        | Killed a spriggan air mage
  2452 | D        | Noticed a wind drake
  2452 | D        | Noticed a titan
  2452 | D        | Killed a titan
  2452 | D        | Killed a titan
  2452 | D        | Reached XP level 16. HP: 117/144 MP: 35/40
  2452 | D        | Killed an air elemental
  2453 | D        | Killed a wind drake
  2453 | D        | Killed a titan
  2453 | D        | Killed a storm dragon
  2453 | D        | Killed a wind drake
  2454 | D        | Killed a storm dragon
  2454 | D        | Killed an air elemental
  2455 | D        | Noticed an electric golem
  2455 | D        | Noticed a spriggan air mage
  2455 | D        | Noticed a titan
  2458 | D        | Killed a titan
  2458 | D        | Killed a titan
  2458 | D        | Killed an insubstantial wisp
  2458 | D        | Killed a wind drake
  2458 | D        | Killed a spriggan air mage
  2458 | D        | Killed a titan
  2458 | D        | Killed a wind drake
  2458 | D        | Killed a spriggan air mage
  2458 | D        | Reached skill level 26 in Fighting
  2458 | D        | Killed an electric golem
  2458 | D        | Killed a titan
  2459 | D        | Killed an azure jelly
  2462 | D        | Noticed an insubstantial wisp
  2464 | D        | Noticed an electric golem
  2465 | D        | Noticed an insubstantial wisp
  2466 | D        | Noticed an electric golem
  2466 | D        | Killed an electric golem
  2475 | D        | Noticed an insubstantial wisp
  2475 | D        | Noticed a storm dragon
  2476 | D        | Noticed an insubstantial wisp
  2477 | D        | Noticed a wind drake
  2480 | D        | Noticed a storm dragon
  2483 | D        | Killed an insubstantial wisp
  2487 | D        | Killed an acid blob
  2492 | D        | Noticed a wind drake
  2495 | D        | Killed an electric golem
  2496 | D        | Killed an insubstantial wisp
  2496 | D        | Reached skill level 27 in Fighting
  2497 | D        | Killed a wind drake
  2499 | D        | Killed a storm dragon
  2499 | D        | Killed a wind drake
  2506 | D        | Killed a storm dragon
  2509 | D        | Killed an electric golem
  2511 | D        | Killed an insubstantial wisp
  2514 | D        | Killed an acid blob
  2517 | D        | Killed an insubstantial wisp
  2536 | D        | Killed an azure jelly
  2538 | D        | Identified the Guide on Shifting Cold (You found it in the Dungeon)
  2556 | D        | Identified the Guide on Cankerous Necromancy (You found it in the Dungeon)
  2559 | D        | Killed a death ooze
  2561 | D        | Killed an acid blob
  2625 | D        | Killed an acid blob
  2626 | D        | Killed an azure jelly
  2670 | D        | Killed an acid blob
  2675 | D        | Entered arena 23.
  2682 | D        | Killed an acid blob
  2683 | D        | Killed Sigmund
  2693 | D        | Noticed a boulder beetle
  2693 | D        | Noticed a blink frog
  2694 | D        | Noticed an eight-headed hydra
  2694 | D        | Noticed a yak
  2694 | D        | Noticed a water moccasin
  2696 | D        | Noticed a catoblepas
  2696 | D        | Noticed a komodo dragon
  2697 | D        | Noticed a hippogriff
  2698 | D        | Noticed a crocodile
  2698 | D        | Noticed a yak
  2698 | D        | Noticed a yak
  2698 | D        | Killed a hippogriff
  2699 | D        | Noticed a griffon
  2699 | D        | Noticed a crocodile
  2699 | D        | Noticed a yak
  2699 | D        | Killed a yak
  2699 | D        | Killed a komodo dragon
  2699 | D        | Killed a blink frog
  2700 | D        | Noticed a five-headed hydra
  2700 | D        | Identified a +4 rod of destruction (13/13) (You found it in the Dungeon)
  2701 | D        | Killed a catoblepas
  2702 | D        | Killed a water moccasin
  2702 | D        | Killed an eight-headed hydra
  2702 | D        | Killed a crocodile
  2702 | D        | Killed a yak
  2702 | D        | Killed a yak
  2703 | D        | Noticed a crocodile
  2703 | D        | Killed a boulder beetle
  2704 | D        | Noticed a catoblepas
  2705 | D        | Killed a five-headed hydra
  2706 | D        | Noticed a blink frog
  2706 | D        | Noticed a five-headed hydra
  2707 | D        | Noticed a death yak
  2708 | D        | Killed a crocodile
  2708 | D        | Killed a blink frog
  2709 | D        | Killed a yak
  2709 | D        | Killed a crocodile
  2709 | D        | Killed a griffon
  2710 | D        | Noticed a water moccasin
  2710 | D        | Killed a death yak
  2710 | D        | Reached skill level 10 in Armour
  2710 | D        | Killed a five-headed hydra
  2710 | D        | Killed a catoblepas
  2711 | D        | Noticed a crocodile
  2711 | D        | Noticed a komodo dragon
  2712 | D        | Noticed a seven-headed hydra
  2713 | D        | Noticed a hippogriff
  2713 | D        | Killed a seven-headed hydra
  2715 | D        | Killed a water moccasin
  2715 | D        | Killed a komodo dragon
  2718 | D        | Noticed a black mamba
  2719 | D        | Noticed a spiny frog
  2719 | D        | Killed a hippogriff
  2720 | D        | Killed a crocodile
  2721 | D        | Noticed a five-headed hydra
  2721 | D        | Noticed a black mamba
  2722 | D        | Noticed a basilisk
  2723 | D        | Killed a black mamba
  2725 | D        | Noticed a torpor snail
  2726 | D        | Killed a black mamba
  2726 | D        | Noticed a spiny frog
  2730 | D        | Killed a spiny frog
  2730 | D        | Killed a basilisk
  2735 | D        | Noticed a hippogriff
  2735 | D        | Killed a 13-headed hydra
  2738 | D        | Killed a torpor snail
  2738 | D        | Killed a spiny frog
  2740 | D        | Killed a hippogriff
  2746 | D        | Killed an acid blob
  2750 | D        | Killed an azure jelly
  2776 | D        | Killed an acid blob
  2783 | D        | Got a slimy bronze ring
  2784 | D        | Identified the ring "Shiat" {Str+4 Dex-2 Stlth+} (You acquired it in the Dungeon)
  2793 | D        | Killed Duvessa
  2795 | D        | Killed Norris
  2799 | D        | Killed an azure jelly
  2804 | D        | Entered arena 24.
  2804 | D        | Noticed an acid blob
  2804 | D        | Noticed an acid blob
  2804 | D        | Noticed an acid blob
  2804 | D        | Noticed an acid blob
  2804 | D        | Noticed Geryon
  2804 | D        | Noticed Wiglaf
  2804 | D        | Noticed Nellie
  2804 | D        | Noticed Antaeus
  2804 | D        | Noticed the Enchantress
  2805 | D        | Noticed an acid blob
  2805 | D        | Noticed an acid blob
  2805 | D        | Noticed an acid blob
  2805 | D        | Killed Erolcha
  2805 | D        | Noticed Mnoleg
  2805 | D        | Noticed an acid blob
  2806 | D        | Noticed Dowan
  2806 | D        | Killed an acid blob
  2806 | D        | Killed an acid blob
  2806 | D        | Killed Dowan
  2806 | D        | Killed an acid blob
  2806 | D        | Killed an acid blob
  2806 | D        | Killed an acid blob
  2806 | D        | Killed an acid blob
  2806 | D        | Killed an acid blob
  2807 | D        | Noticed an azure jelly
  2807 | D        | Killed an azure jelly
  2808 | D        | Noticed a tentacled monstrosity
  2810 | D        | Killed an acid blob
  2811 | D        | Noticed an acid blob
  2814 | D        | Noticed an acid blob
  2816 | D        | Noticed Asmodeus
  2817 | D        | Noticed Purgy
  2819 | D        | Noticed Mennas
  2819 | D        | Killed an acid blob
  2819 | D        | Killed Mnoleg
  2819 | D        | Reached skill level 15 in Armour
  2819 | D        | Reached XP level 17. HP: 110/156 MP: 28/40
  2819 | D        | Killed Purgy
  2819 | D        | Killed a tentacled monstrosity
  2819 | D        | Killed an acid blob
  2819 | D        | Killed Wiglaf
  2819 | D        | Killed Joseph
  2819 | D        | Killed the Enchantress
  2819 | D        | Killed Nellie
  2819 | D        | Killed Mennas
  2819 | D        | Killed Josephine
  2821 | D        | Noticed Pikel
  2821 | D        | Noticed Tiamat
  2823 | D        | Noticed Cerebov
  2824 | D        | Noticed Ilsuiw
  2826 | D        | Noticed Khufu
  2827 | D        | Noticed Rupert
  2827 | D        | Noticed Nessos
  2827 | D        | Noticed Ereshkigal
  2829 | D        | Noticed the iron giant
  2830 | D        | Killed Geryon
  2830 | D        | Identified a +2 rod of the swarm (9/14)
  2832 | D        | Noticed the royal jelly
  2832 | D        | Killed Pikel
  2833 | D        | Noticed an acid blob
  2833 | D        | Noticed Frederick
  2833 | D        | Killed Ilsuiw
  2833 | D        | Killed Nessos
  2833 | D        | Killed Rupert
  2837 | D        | Killed Frederick
  2839 | D        | Killed the royal jelly
  2845 | D        | Killed the iron giant
  2845 | D        | Killed Antaeus
  2845 | D        | Killed Tiamat
  2845 | D        | Killed Khufu
  2845 | D        | Killed an acid blob
  2845 | D        | Killed Ereshkigal
  2847 | D        | Killed Asmodeus
  2847 | D        | Reached skill level 27 in Armour
  2847 | D        | Reached XP level 18. HP: 43/163 MP: 14/41
  2869 | D        | Killed Cerebov
  3039 | D        | Got the amulet of the Hundredfold Hells {rMut +Inv rF- Str+3 Stlth+}
  3060 | D        | Noticed Roxanne
  3075 | D        | Killed Roxanne
  3109 | D        | Identified Roxanne's Reference Book on the Shifting Mountains (You took it off Roxanne in the Dungeon)
  3169 | D        | Entered arena 25.
  3186 | D        | Noticed a water moccasin
  3187 | D        | Noticed an anaconda
  3193 | D        | Killed an anaconda
  3193 | D        | Reached skill level 1 in Spellcasting
  3193 | D        | Reached skill level 1 in Charms
  3194 | D        | Killed a water moccasin
  3195 | D        | Noticed a water moccasin
  3195 | D        | Noticed an anaconda
  3195 | D        | Noticed a water moccasin
  3195 | D        | Noticed an anaconda
  3195 | D        | Noticed a black mamba
  3196 | D        | Noticed a water moccasin
  3196 | D        | Noticed an anaconda
  3196 | D        | Noticed a water moccasin
  3196 | D        | Noticed a black mamba
  3196 | D        | Noticed a naga
  3197 | D        | Noticed a water moccasin
  3197 | D        | Noticed a naga mage
  3197 | D        | Noticed a water moccasin
  3197 | D        | Killed a water moccasin
  3197 | D        | Killed a water moccasin
  3197 | D        | Killed a naga mage
  3197 | D        | Killed a black mamba
  3197 | D        | Killed a naga mage
  3198 | D        | Noticed a naga warrior
  3198 | D        | Noticed a guardian serpent
  3198 | D        | Killed an anaconda
  3199 | D        | Noticed a naga
  3199 | D        | Noticed an anaconda
  3199 | D        | Noticed a black mamba
  3199 | D        | Noticed a guardian serpent
  3200 | D        | Noticed a black mamba
  3204 | D        | Noticed a water moccasin
  3204 | D        | Killed a water moccasin
  3204 | D        | Reached skill level 5 in Charms
  3205 | D        | Noticed a water moccasin
  3205 | D        | Killed a naga
  3205 | D        | Killed a water moccasin
  3205 | D        | Killed a water moccasin
  3207 | D        | Noticed a naga warrior
  3207 | D        | Noticed a guardian serpent
  3207 | D        | Noticed an anaconda
  3207 | D        | Noticed a naga mage
  3207 | D        | Noticed a black mamba
  3207 | D        | Killed a black mamba
  3207 | D        | Reached skill level 5 in Spellcasting
  3207 | D        | Killed an anaconda
  3208 | D        | Noticed a greater naga
  3208 | D        | Killed a black mamba
  3208 | D        | Killed a black mamba
  3209 | D        | Noticed a naga warrior
  3209 | D        | Noticed a black mamba
  3209 | D        | Killed an anaconda
  3209 | D        | Killed a water moccasin
  3210 | D        | Identified a +8 rod of shadows (6/11)
  3210 | D        | Killed a naga mage
  3211 | D        | Noticed an anaconda
  3211 | D        | Noticed an anaconda
  3212 | D        | Noticed an anaconda
  3212 | D        | Noticed a water moccasin
  3213 | D        | Noticed a greater naga
  3213 | D        | Killed an anaconda
  3214 | D        | Noticed an anaconda
  3214 | D        | Killed a guardian serpent
  3214 | D        | Killed a guardian serpent
  3214 | D        | Killed an anaconda
  3215 | D        | Noticed a water moccasin
  3215 | D        | Killed a black mamba
  3216 | D        | Killed an anaconda
  3218 | D        | Killed an anaconda
  3218 | D        | Reached skill level 10 in Charms
  3218 | D        | Killed a naga warrior
  3219 | D        | Noticed a greater naga
  3220 | D        | Killed a greater naga
  3220 | D        | Reached skill level 10 in Spellcasting
  3221 | D        | Noticed a naga
  3221 | D        | Noticed a water moccasin
  3221 | D        | Noticed a naga warrior
  3221 | D        | Killed an anaconda
  3221 | D        | Killed a guardian serpent
  3221 | D        | Killed a water moccasin
  3222 | D        | Noticed a naga
  3222 | D        | Noticed a naga warrior
  3222 | D        | Killed an anaconda
  3223 | D        | Noticed a greater naga
  3223 | D        | Killed a water moccasin
  3223 | D        | Killed a naga warrior
  3224 | D        | Identified a +4 rod of the swarm (6/11)
  3225 | D        | Killed a greater naga
  3227 | D        | Killed a black mamba
  3228 | D        | Noticed a greater naga
  3229 | D        | Noticed a naga warrior
  3229 | D        | Noticed a greater naga
  3230 | D        | Killed a water moccasin
  3230 | D        | Killed a water moccasin
  3231 | D        | Killed a naga warrior
  3231 | D        | Killed a water moccasin
  3231 | D        | Killed a naga
  3233 | D        | Killed a greater naga
  3235 | D        | Killed a greater naga
  3236 | D        | Killed a greater naga
  3238 | D        | Killed a naga warrior
  3238 | D        | Killed a naga
  3241 | D        | Killed a naga warrior
  3244 | D        | Killed a naga
  3245 | D        | Killed a naga warrior
  3247 | D        | Killed a greater naga
  3279 | D        | Identified the Volume of Assistive Orientation (You found it in the Dungeon)
  3282 | D        | Learned a level 2 spell: Song of Slaying
  3282 | D        | Identified the Volume of Assistive Orientation (You found it in the Dungeon)
  3298 | D        | Got the +0 pair of boots of Mental Paralysis {rF+++}
  3340 | D        | Entered arena 26.
  3341 | D        | Noticed a vampire
  3347 | D        | Killed a vampire
  3349 | D        | Noticed a vampire knight
  3350 | D        | Noticed a vampire mage
  3353 | D        | Noticed a lich
  3354 | D        | Noticed a lich
  3355 | D        | Noticed an ancient lich
  3355 | D        | Noticed a vampire knight
  3357 | D        | Noticed a wight
  3360 | D        | Noticed a lich
  3361 | D        | Killed a vampire knight
  3362 | D        | Noticed a wight
  3362 | D        | Noticed a necromancer
  3362 | D        | Killed a wight
  3362 | D        | Killed a vampire knight
  3362 | D        | Killed a wight
  3362 | D        | Killed a lich
  3362 | D        | Reached skill level 5 in Transmutations
  3362 | D        | Killed a lich
  3362 | D        | Killed an ancient lich
  3362 | D        | Killed a necromancer
  3362 | D        | Killed a lich
  3362 | D        | Killed a skeletal warrior
  3363 | D        | Noticed an ancient lich
  3365 | D        | Noticed a necromancer
  3366 | D        | Noticed a ghoul
  3366 | D        | Killed a vampire mage
  3366 | D        | Reached skill level 10 in Transmutations
  3367 | D        | Noticed a ghoul
  3367 | D        | Noticed a shadow
  3368 | D        | Noticed a vampire mage
  3368 | D        | Noticed a vampire knight
  3368 | D        | Noticed a vampire mage
  3369 | D        | Noticed a vampire knight
  3369 | D        | Noticed a lich
  3369 | D        | Noticed a necromancer
  3369 | D        | Noticed a vampire knight
  3369 | D        | Noticed a lich
  3369 | D        | Noticed a skeletal warrior
  3370 | D        | Noticed a wight
  3370 | D        | Noticed a necrophage
  3370 | D        | Noticed a vampire
  3371 | D        | Noticed a wight
  3371 | D        | Killed a shadow
  3373 | D        | Noticed a skeletal warrior
  3373 | D        | Noticed a vampire knight
  3374 | D        | Noticed a necrophage
  3374 | D        | Killed a ghoul
  3375 | D        | Killed a vampire knight
  3375 | D        | Killed a wight
  3376 | D        | Noticed a wight
  3376 | D        | Noticed a shadow
  3377 | D        | Noticed a lich
  3377 | D        | Noticed a lich
  3377 | D        | Noticed a wight
  3377 | D        | Noticed a ghoul
  3378 | D        | Killed a necromancer
  3378 | D        | Killed a necromancer
  3378 | D        | Killed a vampire mage
  3378 | D        | Killed a lich
  3378 | D        | Killed a wight
  3378 | D        | Killed a vampire
  3378 | D        | Killed a skeletal warrior
  3378 | D        | Killed a skeletal warrior
  3378 | D        | Killed a shadow
  3378 | D        | Killed a vampire knight
  3378 | D        | Killed a necrophage
  3378 | D        | Killed an ancient lich
  3378 | D        | Reached XP level 19. HP: 162/170 MP: 21/42
  3378 | D        | Killed a necrophage
  3378 | D        | Killed a ghoul
  3378 | D        | Killed a wight
  3378 | D        | Killed a vampire knight
  3378 | D        | Killed a ghoul
  3378 | D        | Reached skill level 15 in Transmutations
  3378 | D        | Killed a wight
  3379 | D        | Noticed a wight
  3379 | D        | Killed a vampire mage
  3379 | D        | Reached skill level 1 in Summonings
  3383 | D        | Noticed a necrophage
  3383 | D        | Noticed a wight
  3384 | D        | Killed a necrophage
  3384 | D        | Killed a wight
  3384 | D        | Killed a lich
  3384 | D        | Killed a wight
  3384 | D        | Killed a shadow
  3384 | D        | Killed a vampire knight
  3384 | D        | Reached skill level 5 in Summonings
  3384 | D        | Killed a lich
  3384 | D        | Killed a lich
  3384 | D        | Killed a shadow
  3387 | D        | Noticed a skeletal warrior
  3397 | D        | Killed a skeletal warrior
  3466 | D        | Identified Ozocubu's Almanac of the Glacier (You found it in the Dungeon)
  3474 | D        | Learned a level 4 spell: Control Undead
  3525 | D        | Entered arena 27.
  3542 | D        | Noticed a ghost crab
  3543 | D        | Noticed a glowing shapeshifter
  3543 | D        | Noticed a moth of wrath
  3543 | D        | Noticed a sea snake
  3543 | D        | Noticed a shard shrike
  3543 | D        | a glowing shapeshifter changed into a shard shrike
  3544 | D        | Noticed a harpy
  3544 | D        | Noticed a spiny frog
  3544 | D        | Noticed a baby alligator
  3544 | D        | Killed a moth of wrath
  3544 | D        | Reached skill level 1 in Necromancy
  3544 | D        | Killed a harpy
  3544 | D        | Killed a spiny frog
  3544 | D        | a shard shrike changed into a titan
  3544 | D        | a sea snake changed into a torpor snail
  3545 | D        | Noticed an elephant
  3545 | D        | Noticed a merfolk
  3545 | D        | Killed a raven
  3545 | D        | Noticed a caustic shrike
  3545 | D        | a titan changed into a caustic shrike
  3546 | D        | Killed a merfolk
  3547 | D        | an elephant changed into a cyclops
  3547 | D        | Noticed a shard shrike
  3547 | D        | a titan changed into a shard shrike
  3547 | D        | a ghost crab changed into a death drake
  3548 | D        | Noticed an eye of draining
  3548 | D        | a caustic shrike changed into an iron dragon
  3548 | D        | Noticed a shard shrike
  3548 | D        | a titan changed into a shard shrike
  3549 | D        | Noticed a caustic shrike
  3549 | D        | Noticed a polar bear
  3549 | D        | Killed a baby alligator
  3550 | D        | a caustic shrike changed into a shadow dragon
  3551 | D        | Killed a shard shrike
  3551 | D        | Reached skill level 5 in Necromancy
  3551 | D        | a shard shrike changed into a titan
  3552 | D        | Noticed a moth of wrath
  3554 | D        | Noticed a sea snake
  3556 | D        | Noticed a shard shrike
  3556 | D        | Noticed a queen bee
  3556 | D        | Noticed a shard shrike
  3556 | D        | a titan changed into a shard shrike
  3557 | D        | Noticed a shard shrike
  3557 | D        | a moth of wrath changed into a boulder beetle
  3558 | D        | Noticed a queen bee
  3558 | D        | Killed a shard shrike
  3559 | D        | a shard shrike changed into a titan
  3559 | D        | a sea snake changed into a swamp dragon
  3560 | D        | Killed a polar bear
  3560 | D        | Noticed a shard shrike
  3560 | D        | a titan changed into a shard shrike
  3560 | D        | Noticed a hornet
  3561 | D        | Noticed a golden dragon
  3562 | D        | Noticed a golden dragon
  3562 | D        | a shard shrike changed into a golden dragon
  3563 | D        | Noticed a spiny frog
  3563 | D        | Noticed a caustic shrike
  3563 | D        | Killed a queen bee
  3563 | D        | a shard shrike changed into a titan
  3563 | D        | Noticed a caustic shrike
  3563 | D        | a golden dragon changed into a caustic shrike
  3564 | D        | Killed a queen bee
  3566 | D        | an eye of draining changed into an elephant
  3567 | D        | Noticed a golden dragon
  3567 | D        | an alligator snapping turtle changed into a golden dragon
  3568 | D        | a caustic shrike changed into an iron dragon
  3568 | D        | a caustic shrike changed into an iron dragon
  3570 | D        | Noticed a caustic shrike
  3570 | D        | an iron dragon changed into a caustic shrike
  3571 | D        | Noticed a wind drake
  3571 | D        | Reached skill level 27 in Shields
  3571 | D        | a wind drake changed into a jumping spider
  3573 | D        | a caustic shrike changed into an alligator snapping turtle
  3573 | D        | Reached skill level 10 in Necromancy
  3573 | D        | Killed a hornet
  3575 | D        | a golden dragon changed into an acid blob
  3576 | D        | a golden dragon changed into an acid blob
  3578 | D        | Killed a spiny frog
  3580 | D        | Reached skill level 15 in Necromancy
  3632 | D        | Learned a level 2 spell: Shroud of Golubria
  3632 | D        | Noticed a kraken
  3638 | D        | Killed a kraken
  3642 | D        | Identified the Almanac of the Dislocated Escort (You found it in the Dungeon)
  3644 | D        | Learned a level 1 spell: Apportation
  3644 | D        | Identified the Almanac of the Dislocated Escort (You found it in the Dungeon)
  3645 | D        | Identified the Compendium of Enhancements (You found it in the Dungeon)
  3670 | D        | Identified the Guide on Floating Self-Improvement (You found it in the Dungeon)
  3692 | D        | Got the Orb of Zot
  4334 | D        | Reached skill level 1 in Translocations
  4644 | D        | Reached skill level 5 in Translocations
  5255 | D        | Reached skill level 15 in Charms
  5265 | D        | Reached skill level 5 in Throwing
  6050 | D        | Reached skill level 27 in Invocations
  6675 | D        | Reached skill level 10 in Throwing
  6675 | D        | Reached skill level 10 in Summonings
  7021 | D        | Reached XP level 20. HP: 177/177 MP: 43/43
  7212 | D        | Noticed Xeesig the pandemonium lord
  7230 | D        | Killed Xeesig the pandemonium lord
  7341 | D        | Reached skill level 1 in Hexes
  7872 | D        | Noticed a seraph
  7895 | D        | Killed a seraph
  7900 | D        | Reached skill level 10 in Translocations
  8182 | D        | Reached skill level 27 in Long Blades
 10626 | D        | Escaped with the Orb!

Action                   |  1- 3 |  4- 6 |  7- 9 | 10-12 | 13-15 | 16-18 | 19-21 || total
-------------------------+-------+-------+-------+-------+-------+-------+-------++-------
Melee: Double sword      |       |     1 |    37 |   134 |    41 |       |       ||   213
       Demon blade       |       |       |       |       |    93 |   124 |   202 ||   419
Throw: Throwing net      |       |       |       |       |       |     1 |       ||     1
 Cast: Spectral Weapon   |       |       |       |       |       |     2 |    12 ||    14
       Regeneration      |       |       |       |       |       |     1 |     8 ||     9
       Song of Slaying   |       |       |       |       |       |     1 |     2 ||     3
       Stoneskin         |       |       |       |       |       |       |    11 ||    11
Invok: Upheaval          |       |       |     3 |    15 |    21 |    18 |    14 ||    71
       Disaster Area     |       |       |       |     1 |     3 |     9 |     3 ||    16
       Elemental Force   |       |       |       |       |     2 |     2 |       ||     4
 Abil: Breathe Fire      |       |       |       |     1 |     1 |       |       ||     2
Evoke: Wand              |     3 |     1 |     3 |     2 |       |       |       ||     9
       Deck              |       |       |       |     6 |     8 |     9 |     2 ||    25
       Stone of tremors  |       |       |       |     1 |       |     3 |     2 ||     6
       Phantom mirror    |       |       |       |       |     1 |     3 |       ||     4
       Rod               |       |       |       |       |     5 |    19 |    11 ||    35
       Lamp of fire      |       |       |       |       |     2 |     9 |     5 ||    16
       Fan of gales      |       |       |       |       |       |     6 |     3 ||     9
       Horn of Geryon    |       |       |       |       |       |     2 |     1 ||     3
  Use: Potion            |     1 |       |       |     1 |     3 |    14 |    10 ||    29
       Scroll            |       |       |       |     3 |     6 |     5 |       ||    14
 Stab: Distracted        |       |       |       |       |     1 |     3 |     5 ||     9
       Petrifying        |       |       |       |       |       |     1 |       ||     1
  Eat: Royal jelly       |       |       |     3 |     2 |     2 |     2 |       ||     9
       Bread ration      |       |       |       |       |       |     1 |     4 ||     5
       Meat ration       |       |       |       |       |       |       |     1 ||     1
